 Dungeon Crawl Stone Soup version 0.13.1-28-g3517093 (console) character file.

361 Revolution the Skirmisher (level 5, -4/54 HPs)
             Began as a Troll Berserker on Mar 2, 2014.
             Was a Believer of Trog.
             Slain by a gnoll
             ... wielding a +0,+0 halberd
              (10 damage)
             ... on Level 4 of the Dungeon.
             The game lasted 00:04:28 (751 turns).

Revolution the Skirmisher (Troll Berserker)          Turns: 751, Time: 00:04:28

HP  -4/54        AC  5     Str 25      XL: 5   Next: 53%
MP   1/1         EV 10     Int  4      God: Trog [**....]
Gold 156         SH  0     Dex  9      Spells:  0 memorised,  4 levels left

Res.Fire  : . . .   See Invis. : .     - Unarmed
Res.Cold  : . . .   Warding    : .   b - +0 animal skin
Life Prot.: . . .   Conserve   : .   (shield restricted)
Res.Poison: .       Res.Corr.  : .   (helmet restricted)
Res.Elec. : .       Clarity    : .   (no cloak)
Sust.Abil.: . .     Spirit.Shd : .   (gloves unavailable)
Res.Mut.  : .       Stasis     : .   (boots unavailable)
Res.Rott. : .       Flight     : .   (no amulet)
Gourmand  : +                        (no ring)
                                     (no ring)

@: slightly resistant to hostile enchantments, very unstealthy
A: unfitting armour, claws 3, fast metabolism 3, gourmand, regeneration 2,
saprovore 2, tough skin 2, AC +1
a: Burn Spellbooks, Berserk, Trog's Hand, Renounce Religion


You were on level 4 of the Dungeon.
You worshipped Trog.
Trog was pleased with you.
You were not hungry.

You visited 1 branch of the dungeon, and saw 4 of its levels.

You collected 136 gold pieces.

Inventory:

Armour
 b - a +0 animal skin (worn)
Comestibles
 a - 2 meat rations
Scrolls
 e - a scroll of enchant weapon II {unknown}
 f - a scroll of curse armour {unknown}
Potions
 c - 2 potions of speed {unknown}
 d - a potion of restore abilities {unknown}
 g - a potion of beneficial mutation {unknown}
 h - a potion of curing {unknown}


   Skills:
 * Level 3.9 Fighting
 * Level 3.8 Dodging
 + Level 3.8 Unarmed Combat


You had 4 spell levels left.
You didn't know any spells.

Dungeon Overview and Level Annotations

Branches:
Dungeon (4/27)             Temple (0/1) D:4

Altars:
Cheibriados

Shops:
D:4 [


Innate Abilities, Weirdness & Mutations

You are too large for most types of armour.
You have claws for hands.
Your metabolism is lightning-fast.
You like to eat raw meat.
You heal very quickly.
You can eat rotten meat.
You are covered in fur (AC +1).
You have very tough skin (AC +2).


Message History

You hit the gnoll.
The gnoll begins to bleed from its wounds!
The gnoll is lightly wounded.
The gnoll hits you with a flail.
You hit the gnoll.
The gnoll is moderately wounded.
The gnoll hits you with a flail! The gnoll hits you with a halberd.
You closely miss the gnoll.
The gnoll is moderately wounded.
The gnoll shouts!
The gnoll throws a throwing net.
The throwing net hits you!
You become entangled in the net!
You tear a large gash into the net.
The gnoll hits you with a flail! The gnoll hits you with a halberd.
You shred the net and break free! The gnoll hits you with a flail.
The gnoll hits you with a halberd!
* * * LOW HITPOINT WARNING * * *
The gnoll hits you with a flail!
* * * LOW HITPOINT WARNING * * *
The gnoll hits you with a halberd!
You die...

#.##.......#..#.#
#.........
#∩##..####.#..#.#
#.########
#.............#.#
#.#
####..####.#..#.#
#.# #..# #.#.##.#
#.#
#..####.#.##.#
#.#
#............#
#.#
##.####...>###
..# #..
##.....####.####
###
#)....@...>....
##...ggg.##.#..
##...##......#
........ ###.##
####.#.#. #
#.#.[g #.### # #.


You could see 3 gnolls.

Vanquished Creatures
  A giant frog skeleton (D:4)
  An orc priest (D:4)
  An orc wizard (D:4)
  An iguana (D:4)
  2 worker ants (D:4)
  An adder (D:3)
  8 orcs
  2 hobgoblins
  A kobold (D:3)
  3 bats
  2 giant cockroaches (D:4)
  A giant newt (D:3)
  4 goblins
  A goblin skeleton (D:4)
  A jackal zombie (D:3)
  A quokka (D:4)
  A rat (D:4)
32 creatures vanquished.

Notes
Turn   | Place    | Note
--------------------------------------------------------------
     0 | D:1      | Revolution, the Troll Berserker, began the quest for the Orb.
     0 | D:1      | Reached XP level 1. HP: 23/23 MP: 0/0
     4 | D:1      | Noticed a giant goldfish
     4 | D:1      | Noticed a shark
   136 | D:3      | Reached XP level 2. HP: 28/31 MP: 0/0
   224 | D:4      | Reached XP level 3. HP: 27/39 MP: 1/1
   260 | D:4      | Reached XP level 4. HP: 46/46 MP: 1/1
   431 | D:4      | Found a snail-covered altar of Cheibriados.
   536 | D:4      | Acquired Trog's second power
   596 | D:4      | Reached XP level 5. HP: 27/54 MP: 1/1
   622 | D:4      | Found a staircase to the Ecumenical Temple.
   727 | D:4      | Found Gaemun's Armour Shoppe.
   751 | D:4      | Slain by a gnoll

Action                   |  1- 3 |  4- 6 || total
-------------------------+-------+-------++-------
Melee: Unarmed           |    50 |    78 ||   128
Invok: Trog's Hand       |       |     1 ||     1
